 Dungeon Crawl Stone Soup version 0.23.0-3-gf3c87f2 (webtiles) character file.

Game seed: 2031918504698150293

6396 Terandir the Cleaver (level 10, -2/88 HPs)
             Began as a Minotaur Fighter on Feb 20, 2019.
             Was an Elder of Cheibriados.
             Slain by a killer bee (7 damage)
             ... on level 9 of the Dungeon on Feb 22, 2019.
             The game lasted 00:15:06 (8542 turns).

Terandir the Cleaver (Minotaur Fighter)             Turns: 8542, Time: 00:15:08

Health: -2/88      AC: 12    Str: 29    XL:     10   Next: 66%
Magic:  11/11      EV: 12    Int: 14    God:    Cheibriados [****..]
Gold:   585        SH: 13    Dex: 23    Spells: 9/9 levels left

rFire    . . .     SeeInvis .   a - +2 war axe
rCold    + . .     Gourm    .   c - +0 shield
rNeg     . . .     Faith    .   t - +0 chain mail
rPois    .         Spirit   .   (helmet restricted)
rElec    .         Reflect  .   D - +0 cloak
rCorr    .         Harm     +   (no gloves)
MR       .....                  (no boots)
Stlth    ..........             e - amulet of harm
HPRegen  0.24/turn              G - ring of protection from cold
MPRegen  0.12/turn              x - ring of wizardry

@: lethally poisoned (-2 -> -26), very slow
A: retaliatory headbutt, horns 2
a: Bend Time, Temporal Distortion, Slouch, Renounce Religion


You were on level 9 of the Dungeon.
You worshipped Cheibriados.
Cheibriados was greatly pleased with you.
You were hungry.

You visited 2 branches of the dungeon, and saw 10 of its levels.

You collected 585 gold pieces.

Inventory:

Hand Weapons
 a - a +2 war axe (weapon)
Armour
 b - a +0 scale mail
 c - a +0 shield (worn)
 t - a +0 chain mail (worn)
 D - a +0 cloak (worn)
Jewellery
 e - an amulet of harm (around neck)
 k - an uncursed ring of magical power
 x - a ring of wizardry (right hand)
 G - a ring of protection from cold (left hand)
 H - an uncursed amulet of regeneration {unknown}
Wands
 q - a wand of digging (5)
 r - a wand of clouds (5)
 y - a wand of random effects (10)
Scrolls
 g - 2 scrolls of immolation
 j - 4 scrolls of fog
 l - 4 scrolls of teleportation
 m - a scroll of random uselessness {unknown}
 o - a scroll of blinking {unknown}
 u - 4 scrolls of amnesia {unknown}
 v - 4 scrolls of remove curse {unknown}
 B - a scroll of torment {unknown}
 E - a scroll of fear {unknown}
Potions
 d - a potion of might
 h - 3 potions of heal wounds
 i - 2 potions of curing
 n - a potion of ambrosia
 p - 4 potions of degeneration
 s - a potion of mutation
 z - 2 potions of flight
 A - a potion of haste
 C - a potion of brilliance
Comestibles
 f - 20 rations


   Skills:
 * Level 7.8 Fighting
 * Level 11.8 Axes
 * Level 8.9 Armour
 * Level 5.5 Dodging
 * Level 8.8 Shields
 * Level 3.9 Invocations


You had 9 spell levels left.
You didn't know any spells.
Your spell library contained the following spells:

 Spells                   Type           Power        Failure   Level  Hunger
 Beastly Appendage        Tmut           #.....       69%         1    ##.....
 Sticks to Snakes         Tmut           #.......     82%         2    ###....
 Spider Form              Tmut/Pois      #.........   96%         3    ####...
 Ice Form                 Ice/Tmut       #.......     100%        4    #####..
 Blade Hands              Tmut           #.........   100%        5    ######.


Dungeon Overview and Level Annotations

Branches:
Dungeon (9/15)             Temple (1/1) D:5            Lair (0/6) D:8
    Orc: D:9-12

Altars:
Ashenzari
Cheibriados
Dithmenos
Elyvilon
Fedhas
Gozag
Hepliaklqana
Kikubaaqudgha
Makhleb
Nemelex Xobeh
Okawaru
Qazlal
Ru
Sif Muna
Trog
Uskayaw
Vehumet
Wu Jian
Xom
Yredelemnul
Zin
The Shining One

Shops:
D:6 %


Innate Abilities, Weirdness & Mutations

You reflexively headbutt those who attack you in melee.
You have a pair of horns on your head.


Message History

You kill the killer bee!
Cheibriados thoroughly appreciates the change of pace.
* * * LOW HITPOINT WARNING * * *
You feel sick. The killer bee closely misses you.
You block the killer bee's attack.
You slash the killer bee!
The killer bee is severely wounded.
You hit the killer bee.
You kill the killer bee!
Cheibriados thoroughly appreciates the change of pace.
* * * LOW HITPOINT WARNING * * *
You feel sick. You block the killer bee's attack.
* * * LOW HITPOINT WARNING * * *
You feel very sick.
You block the killer bee's attack. x2; The killer bee stings you.
* * * LOW HITPOINT WARNING * * *
You are more poisoned.
The killer bee poisons you! The killer bee misses you.
You block the killer bee's attack. The killer bee stings you.
You die...

######.....##
...........##
.#####.....##
#########...##...###
#...........(...## #
#.#######...#.#.# #
#.#.### ##.##.#.# #
#...y†# #.##÷#(# #
###.#@# #.##.#.# #
###y# #.##<#.####
yy######.##.#.#...
yyy#..##...........
...y##.##..##...<...
#%...##.##..####.....
#....##.##..# #.....
#######.##..# ##...[
#.# #.##..# ##.).


You could see 8 killer bees.

Vanquished Creatures
  Maurice (D:8)
  Joseph (D:8)
  2 queen bees (D:9)
  2 hippogriffs (D:9)
  6 yaks (D:9)
  A soldier ant (D:7)
  An orc warrior (D:9)
  2 ice beasts
  4 ogres
  A sky beast (D:9)
  2 centaurs
  6 bullfrogs
  A water moccasin skeleton (D:8)
  3 scorpions
  29 killer bees (D:9)
  3 wights (D:6)
  A centaur zombie (D:9)
  A quasit (D:9)
  A bullfrog skeleton (D:7)
  4 crimson imps
  2 hounds
  An orc priest (D:9)
  Ijyb (D:5)
  4 orc wizards
  4 iguanas
  Natasha (thrice) (D:2)
  9 worker ants
  A killer bee zombie (D:8)
  A worker ant zombie (D:5)
  5 adders
  3 gnolls (D:4)
  A shadow imp (D:7)
  An adder skeleton (D:9)
  4 worms
  4 dart slugs
  3 leopard geckos
  25 orcs
  10 giant cockroaches
  7 goblins
  5 hobgoblins
  6 jackals
  4 quokkas
  2 ball pythons (D:1)
  5 bats
  7 frilled lizards
  11 kobolds
  A quokka skeleton (D:5)
  A quokka zombie (D:5)
  4 rats
207 creatures vanquished.

Notes
Turn   | Place    | Note
-------+----------+-------------------------------------------
     0 | D:1      | Terandir the Minotaur Fighter began the quest for the Orb.
     0 | D:1      | Reached XP level 1. HP: 19/19 MP: 0/0
   107 | D:1      | Reached XP level 2. HP: 27/27 MP: 1/1
   773 | D:2      | Found a glowing golden altar of the Shining One.
   913 | D:2      | Reached XP level 3. HP: 28/33 MP: 2/2
   993 | D:2      | Reached skill level 3 in Axes
  1154 | D:2      | Noticed Natasha
  1164 | D:2      | Killed Natasha
  1164 | D:2      | Reached skill level 1 in Dodging
  1164 | D:2      | Reached XP level 4. HP: 9/40 MP: 3/3
  1414 | D:2      | Noticed Natasha
  1420 | D:2      | Killed Natasha
  1859 | D:2      | Noticed Natasha
  1867 | D:2      | Killed Natasha
  1867 | D:2      | Reached skill level 4 in Axes
  1867 | D:2      | Reached XP level 5. HP: 27/47 MP: 4/4
  2285 | D:3      | Found a sacrificial altar of Ru.
  2287 | D:3      | Found a sparkling altar of Nemelex Xobeh.
  2289 | D:3      | Found a deep blue altar of Sif Muna.
  2360 | D:3      | Found an opulent altar of Gozag.
  2858 | D:4      | Reached skill level 5 in Axes
  2858 | D:4      | Reached XP level 6. HP: 50/53 MP: 5/5
  3000 | D:4      | Reached skill level 5 in Armour
  3290 | D:4      | Reached skill level 5 in Shields
  3399 | D:4      | Found a glowing silver altar of Zin.
  3581 | D:5      | Entered Level 5 of the Dungeon
  3581 | D:5      | Noticed an ice beast
  3588 | D:5      | Killed an ice beast
  3588 | D:5      | Reached skill level 5 in Fighting
  3588 | D:5      | Reached skill level 6 in Axes
  3588 | D:5      | Reached XP level 7. HP: 61/61 MP: 6/6
  3773 | D:5      | Found a staircase to the Ecumenical Temple.
  3786 | Temple   | Entered the Ecumenical Temple
  3909 | D:5      | Noticed Ijyb
  3920 | D:5      | Killed Ijyb
  4005 | D:5      | Found a blossoming altar of Fedhas.
  4065 | D:5      | Found a shadowy altar of Dithmenos.
  4738 | D:6      | Reached skill level 7 in Axes
  4886 | D:6      | Found Sanut's Food Emporium.
  4923 | D:6      | Reached XP level 8. HP: 58/69 MP: 7/7
  4962 | D:6      | Found an ancient bone altar of Kikubaaqudgha.
  5022 | D:6      | Found a snail-covered altar of Cheibriados.
  5025 | D:6      | Became a worshipper of Cheibriados the Contemplative
  5604 | D:7      | Reached skill level 8 in Axes
  5676 | D:7      | Reached skill level 1 in Invocations
  5899 | D:7      | Found a hide-covered altar of Uskayaw.
  5906 | D:7      | Reached * piety under Cheibriados
  6284 | D:8      | Found a shimmering altar of Xom.
  6285 | D:8      | Noticed Maurice
  6415 | D:8      | Killed Maurice
  6415 | D:8      | Reached skill level 9 in Axes
  6415 | D:8      | Reached XP level 9. HP: 56/75 MP: 9/9
  6526 | D:8      | Found a basalt altar of Yredelemnul.
  6650 | D:8      | Noticed Joseph
  6659 | D:8      | Killed Joseph
  6830 | D:8      | You fall through a shaft!
  6909 | D:8      | Reached ** piety under Cheibriados
  6980 | D:8      | Found a staircase to the Lair.
  7096 | D:9      | Reached skill level 10 in Axes
  7240 | D:9      | Reached XP level 10. HP: 44/86 MP: 11/11
  7264 | D:9      | Reached skill level 5 in Dodging
  7634 | D:9      | Reached skill level 11 in Axes
  7827 | D:9      | Reached *** piety under Cheibriados
  8525 | D:9      | Reached **** piety under Cheibriados
  8542 | D:9      | Slain by a killer bee

Skill      XL: |  1  2  3  4  5  6  7  8  9 10 |
---------------+-------------------------------+-----
Shields        | 4 5 6 7 8 |  8.8
Fighting       | 4 5 6 7 |  7.8
Armour         | 4 5 6 7 8 |  8.9
Axes           | 3 4 5 6 7 9 10 11 | 11.8
Dodging        | 1 2 3 4 5 |  5.5
Invocations    | 1 3 |  3.9

Action                   |  1- 3 |  4- 6 |  7- 9 | 10-12 || total
-------------------------+-------+-------+-------+-------++-------
Melee: War axe           |    74 |   160 |   253 |   135 ||   622
       Headbutt          |     8 |    28 |    62 |    21 ||   119
  Use: Scroll            |     2 |     1 |    11 |       ||    14
       Potion            |       |       |       |     1 ||     1
  Eat: Chunk             |     1 |     7 |    11 |     1 ||    20
Armor: Scale mail        |    38 |    20 |       |       ||    58
       Chain mail        |       |    47 |    87 |    40 ||   174
       Skin              |       |       |       |    52 ||    52
Dodge: Dodged            |    22 |    53 |    81 |    55 ||   211
Block: Shield            |    39 |    74 |   137 |   147 ||   397
